 Dungeon Crawl Stone Soup version 0.31-a0-150-g89dc3ad700 (webtiles) character file.

Game seed: 9519888830460820279

30 qw the Shooter (level 3, -9/31 HPs)
             Began as a Minotaur Hunter on June 8, 2023.
             Mangled by Sigmund
             ... wielding a +0 scythe
              (10 damage)
             ... on level 2 of the Dungeon.
             The game lasted 00:00:14 (648 turns).

qw the Shooter (Minotaur Hunter)                     Turns: 648, Time: 00:00:15

Health: -9/31      AC:  3    Str: 15    XL:     3   Next: 3%
Magic:  2/2        EV: 12    Int:  6    God:
Gold:   100        SH:  0    Dex: 15    Spells: 2/2 levels left

rFire   . . .        a - +0 shortbow
rCold   . . .        (shield currently unavailable)
rNeg    . . .        c - +0 leather armour
rPois   .            (helmet restricted)
rElec   .            (no cloak)
rCorr   .            (no gloves)
SInv    .            (no boots)
Will    .....        (no amulet)
Stlth   +            (no ring)
HPRegen 0.25/turn    (no ring)
MPRegen 0.08/turn

%: no passive effects
@: no status effects
A: horns 2, retaliatory headbutt
a: no special abilities


You were on level 2 of the Dungeon.
You visited 1 branch of the dungeon, and saw 2 of its levels.

You collected 100 gold pieces.


Innate Abilities, Weirdness & Mutations

You have a pair of horns on your head.
You reflexively headbutt those who attack you in melee.


   Skills:
 - Level 3.2 Fighting
 + Level 5.1 Ranged Weapons
 - Level 2.1 Dodging
 - Level 0.7 Stealth


You had 2 spell levels left.
You didn't know any spells.
Your spell library was empty.

Inventory:

Hand Weapons
 a - a +0 shortbow (weapon)
Armour
 c - a +0 leather armour (worn)
 g - a +0 cloak
 h - a +0 ring mail
Jewellery
 i - a ring of willpower
Scrolls
 b - a scroll of butterflies
Potions
 d - a potion of haste {unknown}
 e - 3 potions of enlightenment {unknown}
 f - a potion of heal wounds {unknown}

Dungeon Overview and Level Annotations

Branches:
Dungeon (2/15)

Altars:
Cheibriados

Shops:
D:1 =   D:2 =

Annotations:
D:2 Sigmund


Message History

Sigmund the Dreaded comes into view.
He is wielding a +0 scythe.
Sigmund shouts!
Enter note:
Enter note: You shoot an arrow.
The arrow hits Sigmund.
Sigmund is lightly wounded.
Sigmund gestures at you while chanting. You resist with significant effort.
You shoot an arrow. The arrow hits Sigmund.
Sigmund is lightly wounded.
You shoot an arrow. The arrow hits Sigmund.
Sigmund is moderately wounded.
Sigmund points at you and mumbles some strange words.
The puff of flame hits you!
You shoot an arrow. The arrow closely misses Sigmund.
Sigmund points at you and mumbles some strange words.
You are confused.
Sigmund hits you from afar with a +0 scythe!
Sigmund gestures at you while chanting.
You are more confused.
Sigmund misses you.
Sigmund says, "You will soon forget everything."
Sigmund closely misses you. Sigmund barely misses you.
Sigmund hits you from afar with a +0 scythe.
Sigmund closely misses you.
You feel less confused. Sigmund closely misses you.
You shoot an arrow. The arrow hits Sigmund!
Sigmund is severely wounded.
Sigmund closely misses you.
You shoot an arrow. The arrow barely misses Sigmund.
Sigmund hits you from afar with a +0 scythe.
You shoot an arrow. The arrow completely misses Sigmund.
You shoot an arrow. The arrow hits Sigmund.
Sigmund is severely wounded.
Sigmund casts a spell at you. The puff of flame hits you!
Sigmund hits you from afar with a +0 scythe!
You die...

............#
..........#.#
..........#.#
###+#####.#.# #.#.#
#.#.# ## ..#.#
.#######.#########.#
..#......#......@..#
#...#
#.#####.......#
##..######.#
.@....###
##.##.....# #..._..#
#.##.....# #......#
#........# +......#
#..#.....# #...##.#
##.......# #...# .[
...........


You could see Sigmund.

Vanquished Creatures
  An adder (D:2)
  A dart slug (D:2)
  A giant cockroach (D:1)
  4 goblins (D:2)
  3 hobgoblins
  2 ball pythons (D:1)
  3 bats
  A frilled lizard (D:1)
  2 rats (D:2)
18 creatures vanquished.

Notes
Turn   | Place    | Note
-------+----------+-------------------------------------------
     0 | D:1      | qw the Minotaur Hunter began the quest for the Orb.
     0 | D:1      | Reached XP level 1. HP: 18/18 MP: 0/0
     0 | D:1      | 0 ||| qw: Version: 0.2-a-119-g7aa9181
     0 | D:1      | 0 ||| qw: Game counter: 2927
     0 | D:1      | 0 ||| qw: Always use a shield: true
     0 | D:1      | 0 ||| qw: God list: Okawaru
     0 | D:1      | 0 ||| qw: Allow faded altars: false
     0 | D:1      | 0 ||| qw: Do Orc after D:15 true
     0 | D:1      | 0 ||| qw: Do second Lair branch before Depths: true
     0 | D:1      | 0 ||| qw: Lair rune preference: random
     0 | D:1      | 0 ||| qw: Plans: Normal
     0 | D:1      | 0 ||| PLANNING D:1-11
   109 | D:1      | Found Xipergh's Jewellery Emporium.
   115 | D:1      | 115 ||| SHOPLISTING +4 ring of protection (396 gold, have
                  | 32).
   115 | D:1      | 115 ||| SHOPLISTING amulet of regeneration (330 gold, have
                  | 32).
   115 | D:1      | 115 ||| SHOPLISTING ring of resist corrosion (220 gold,
                  | have 32).
   375 | D:1      | You fall into a shaft and drop 1 floor!
   392 | D:2      | Found Laeluall's Jewellery Boutique.
   397 | D:2      | Reached XP level 2. HP: 20/25 MP: 1/1
   427 | D:2      | 427 ||| SHOPLISTING +5 ring of evasion (504 gold, have 68).
   427 | D:2      | 427 ||| SHOPLISTING +6 ring of strength (504 gold, have
                  | 68).
   427 | D:2      | 427 ||| SHOPLISTING amulet of faith (560 gold, have 68).
   427 | D:2      | 427 ||| SHOPLISTING ring of Xitoss {Will+ Str+3 Stlth+}
                  | (575 gold, have 68).
   427 | D:2      | 427 ||| SHOPLISTING ring of ice (350 gold, have 68).
   427 | D:2      | 427 ||| SHOPLISTING ring of poison resistance (280 gold,
                  | have 68).
   427 | D:2      | 427 ||| SHOPLISTING ring of the Octopus King {Fly HP+2 AC+2
                  | EV+2 SH+2} (754 gold, have 68).
   427 | D:2      | 427 ||| SHOPLISTING ring of willpower (350 gold, have 68).
   465 | D:2      | Reached skill level 5 in Ranged Weapons
   509 | D:2      | Reached skill level 3 in Fighting
   553 | D:2      | Reached XP level 3. HP: 31/31 MP: 2/2
   625 | D:2      | Found a snail-covered altar of Cheibriados.
   627 | D:2      | Noticed Sigmund
   648 | D:2      | HP: 1/31 [Sigmund/puff of flame (9)]
   648 | D:2      | Mangled by Sigmund

Levels and vault maps discovered:
D:1:      ncdulo_watergridlock, layout_loops_cross, serial_shops, shop,
          item_on_display_a
D:2:      layout_basic, serial_shops, shop, basic_altar, uniq_robin,
          uniq_crazy_yiuf_cottage, uniq_sigmund

Skill      XL: |  1  2 |
---------------+-------+-----
Ranged Weapons | 5 |  5.1
Fighting       | 3 |  3.2
Dodging        | |  2.1
Stealth        | |  0.7

Action                     || total
---------------------------++-------
   Fire: Shortbow          ||    50
 Armour: Leather armour    ||     3
  Dodge: Dodged            ||    15

Table legend:
 A = Non-vault XP
 B = Vault XP
 C = Vault XP percentage of total XP
 D = Non-vault monster count
 E = Vault monster count
 F = Vault count percentage of total count
                 A         B        C        D         E       F
            +---------+---------+-------+---------+---------+-------
      Total |      43 |       0 |   0.0 |      18 |       0 |   0.0
            +---------+---------+-------+---------+---------+-------
        D:1 |       9 |       0 |   0.0 |       7 |       0 |   0.0
        D:2 |      34 |       0 |   0.0 |      11 |       0 |   0.0
            +---------+---------+-------+---------+---------+-------
